 Dungeon Crawl Stone Soup version 0.20.1-1-g8b1a95d (webtiles) character file.

53 Gargoyl the Skirmisher (level 3, -1/34 HPs)
             Began as a Minotaur Abyssal Knight on July 24, 2017.
             Was a Follower of Lugonu.
             Succumbed to Sigmund's poison
             ... on level 2 of the Dungeon.
             The game lasted 00:03:14 (1557 turns).

Gargoyl the Skirmisher (Minotaur Abyssal Knight)    Turns: 1557, Time: 00:03:15

Health: -1/34      AC:  6    Str: 16    XL:     3   Next: 62%
Magic:  3/3        EV:  9    Int:  9    God:    Lugonu [*.....]
Gold:   89         SH:  0    Dex: 10    Spells: 2/2 levels left

rFire    . . .     SeeInvis .   a - +1 hand axe
rCold    + . .     Gourm    .   (no shield)
rNeg     . . .     Faith    .   e - +1 scale mail
rPois    .         Spirit   .   (helmet restricted)
rElec    .         Reflect  .   (no cloak)
rCorr    .         Harm     .   k - +0 pair of gloves
MR       .....                  (no boots)
Stlth    ..........             (no amulet)
Regen    0.2/turn               b - ring of protection from cold
MPRegen  0.1/turn               (no ring)

@: lethally poisoned (-1 -> -46), flying
A: retaliatory headbutt, horns 2, deformed body, wild magic 1
a: Depart the Abyss, Renounce Religion


You were on level 2 of the Dungeon.
You worshipped Lugonu.
Lugonu was aware of your devotion.
You were near starving.

You visited 1 branch of the dungeon, and saw 2 of its levels.
You visited the Abyss 1 time.

You collected 89 gold pieces.

Inventory:

Hand Weapons
 a - a +1 hand axe (weapon)
Armour
 e - a +1 scale mail (worn)
 k - a +0 pair of gloves (worn)
Jewellery
 b - a ring of protection from cold (left hand)
 j - a +2 amulet of reflection {unknown}
Scrolls
 d - a scroll of blinking
 g - a scroll of remove curse
Potions
 f - a potion of flight
Comestibles
 c - 2 bread rations
 i - a royal jelly


   Skills:
 + Level 4.4 Fighting
 + Level 3.1 Axes
 * Level 3.2 Armour
 + Level 1.1 Dodging
 * Level 2.3 Invocations


You had 2 spell levels left.
You didn't know any spells.

Dungeon Overview and Level Annotations

Branches:
Dungeon (2/15)

Altars:

Annotations:
D:2 Sigmund


Innate Abilities, Weirdness & Mutations

You reflexively headbutt those who attack you in melee.
You have a pair of horns on your head.
Armour fits poorly on your strangely shaped body.
Your spells are a little harder to cast, but a little more powerful.


Message History

You hear some strange, mumbled words.
You are confused.
It was a potion of mutation.
You feel extremely strange.
Your body twists and deforms.
You feel less in control of your magic.
You feel sick. Something hits you.
You are more poisoned.
Okay, then.
You feel very sick.
You see here a hobgoblin corpse.
You feel sick.
You hear some strange, mumbled words.
A magic dart appears from out of thin air!
The magic dart hits you!
You bump into the rock wall.
You feel very sick. Something hits you!
* * * LOW HITPOINT WARNING * * *
You are more poisoned.
You feel less confused.
You die...

#.....# #.....# .....#
....# ...# ###### ..#
######....# #.###.#
#).....##.#
##...@.####.###..##.#
........{†..#.###..##.#
.##########.#.#....##.#
#...#.##.##.#
#####.##.##.# #....##.#
#######.## #... ####


There were no monsters in sight!

Vanquished Creatures
  An adder (D:1)
  An ufetubus (Abyss:1)
  An ooze (D:1)
  2 dart slugs (D:1)
  2 leopard geckos (D:1)
  4 bats (D:1)
  A giant cockroach (D:1)
  4 goblins (D:1)
  3 hobgoblins
  2 frilled lizards (D:1)
  4 kobolds (D:1)
  4 rats (D:1)
29 creatures vanquished.

Notes
Turn   | Place    | Note
-------+----------+-------------------------------------------
     0 | Abyss:1  | Gargoyl the Minotaur Abyssal Knight began the quest for the Orb.
     0 | Abyss:1  | Reached XP level 1. HP: 19/19 MP: 1/1
   156 | Abyss:1  | Noticed a small abomination
   239 | Abyss:1  | Noticed a chaos spawn
   245 | Abyss:1  | Noticed a bone dragon
   246 | Abyss:1  | Noticed a chaos spawn
   260 | Abyss:1  | Noticed a large abomination
   260 | D:1      | Escaped the Abyss
   299 | D:1      | Reached skill level 4 in Fighting
   403 | D:1      | Reached * piety under Lugonu
   403 | D:1      | Reached XP level 2. HP: 21/27 MP: 2/2
   813 | D:1      | Reached XP level 3. HP: 33/33 MP: 3/3
  1544 | D:2      | Noticed Sigmund
  1553 | D:2      | Gained mutation: Armour fits poorly on your strangely shaped body. [potion of mutation]
  1553 | D:2      | Gained mutation: Your spells are a little harder to cast, but a little more powerful. [potion of mutation]
  1557 | D:2      | Succumbed to Sigmund's poison

Skill      XL: |  1  2  3 |
---------------+----------+-----
Fighting       | 4 |  4.4
Invocations    | 2 |  2.3
Armour         | 3 |  3.2
Axes           | 3 |  3.1
Dodging        | |  1.1

Action                   || total
-------------------------++-------
Melee: Hand axe          ||    64
       Headbutt          ||     7
Invok: Depart the Abyss  ||     1
  Use: Potion            ||     4
       Scroll            ||     5
Armor: Scale mail        ||    27
Dodge: Dodged            ||    38
